 Dungeon Crawl Stone Soup version 0.27-a0-661-gca034ae587 (webtiles) character file.

Game seed: 4744779293670252162

5 Mitsuki the Slasher (level 1, 18/18 HPs)
             Began as a Minotaur Gladiator on Mar 17, 2021.
             Quit the game on level 1 of the Dungeon.
             The game lasted 00:00:38 (265 turns).

Mitsuki the Slasher (Minotaur Gladiator)             Turns: 265, Time: 00:00:39

Health: 18/18      AC:  3    Str: 18    XL:     1   Next: 66%
Magic:  0/0        EV: 12    Int:  5    God:
Gold:   10         SH:  0    Dex: 11    Spells: 0/0 levels left

rFire    . . .     SeeInvis .   a - +0 long sword
rCold    . . .     Faith    .   (no shield)
rNeg     . . .     Spirit   .   b - +0 leather armour
rPois    .         Reflect  .   c - +0 hat
rElec    .         Harm     .   (no cloak)
rCorr    .         Rampage  .   (no gloves)
Will     .....                  (no boots)
Stlth    +.........             (no amulet)
HPRegen  0.06/turn              (no ring)
MPRegen  0.07/turn              (no ring)

@: no status effects
A: horns 2, retaliatory headbutt
a: no special abilities


You were on level 1 of the Dungeon.
You visited 1 branch of the dungeon, and saw 1 of its levels.

You collected 10 gold pieces.

Inventory:

Hand Weapons
 a - a +0 long sword (weapon)
Missiles
 d - 3 throwing nets (quivered)
Armour
 b - a +0 leather armour (worn)
 c - a +0 hat (worn)
Scrolls
 e - a scroll of teleportation {unknown}


   Skills:
 + Level 2.6 Fighting
 + Level 3.7 Long Blades
 - Level 2.0 Throwing
 + Level 0.5 Armour
 + Level 3.4 Dodging


You couldn't memorise any spells.
You didn't know any spells.
Your spell library was empty.

Dungeon Overview and Level Annotations

Branches:
Dungeon (1/15)

Altars:


Innate Abilities, Weirdness & Mutations

You have a pair of horns on your head.
You reflexively headbutt those who attack you in melee.


Message History

a +0 club; a goblin corpse; Health restored: 18 A hobgoblin comes into view.
Found 12 gold pieces.
Sorry, you're not good enough to have a special ability.
You are not religious.
Unknown command.
A goblin comes into view. It is wielding a +0 club.
The goblin shouts!
You hear a shout!
Found a scroll labelled GICZIADYHO.
Found a stone staircase leading down.
You slash the hobgoblin!
You kill the hobgoblin!
A hobgoblin comes into view. It is wielding a +0 club.
The goblin hits you with a +0 club.
You take 4 damage, and have 14/18 hp.
MASSIVE DAMAGE!!
You closely miss the goblin. The goblin hits you but does no damage.
The goblin closely misses you.
You hit the hobgoblin.
The hobgoblin is moderately wounded.
The hobgoblin closely misses you. The goblin hits you with a +0 club.
You take 3 damage, and have 11/18 hp.
You barely miss the hobgoblin. Your headbutt misses the hobgoblin.
The hobgoblin is moderately wounded.
The hobgoblin barely misses you.
You riposte.
You hit the hobgoblin.
You kill the hobgoblin!
The goblin closely misses you.
You hit the goblin.
You kill the goblin!
No target in view!
No target in view!
No target in view!
No target in view!
No target in view!
No target in view!
A goblin comes into view. It is wielding a +0 club.
The goblin shouts!
Things that are here:
a +0 club; a hobgoblin corpse; Health restored: 18 You are not religious.
Unknown command.
Are you sure you want to abandon this character and quit the game? (Confirm with "yes".)

#...........
#............
#............
#.........>..
#......$...#
#..........#
#..$.......#
###...@)....^#
..............#
..............####
.g...............#
...?######.......#
######### #.......#
#.......###.......#
##.......+....#.....
#........###.##.....


You could see a goblin.

Vanquished Creatures
  2 goblins (D:1)
  2 hobgoblins (D:1)
4 creatures vanquished.

Notes
Turn   | Place    | Note
-------+----------+-------------------------------------------
     0 | D:1      | Mitsuki the Minotaur Gladiator began the quest for the Orb.
     0 | D:1      | Reached XP level 1. HP: 18/18 MP: 0/0
   265 | D:1      | Quit the game

Illustrated notes

Levels and vault maps discovered:
D:1:      matt_arrival_debris, layout_basic, serial_bayou_crossing

Action                   || total
-------------------------++-------
Melee: Long sword        ||    12
Armor: Leather armour    ||     1
Dodge: Dodged            ||     9
       Rpst.: Long sword ||     2

Table legend: (Time is in decaauts)
 A = Elapsed time spent in this place.
 B = Non-inter-level travel time spent in this place.
 C = Inter-level travel time spent in this place.
 D = Time resting spent in this place.
 E = Time spent auto-exploring this place.
 F = Levels seen in this place.
 G = Mean time per level.
                   A        B        C        D        E       F      G
               +--------+--------+--------+--------+--------+-----+--------+
         Total |    267 |    267 |      0 |      0 |    242 |   1 |  267.0 |
       Dungeon |    267 |    267 |      0 |      0 |    242 |   1 |  267.0 |
               +--------+--------+--------+--------+--------+-----+--------+

Top non-repeatable levels by time:
     D:1: 267 daAuts
